 Dungeon Crawl Stone Soup version 0.20.0-15-g7f486f2 (webtiles) character file.

37 Lavandula the Magician (level 3, 19/19 HPs)
             Began as a Deep Elf Ice Elementalist on June 10, 2017.
             Quit the game on level 3 of the Dungeon.
             The game lasted 00:02:56 (1737 turns).

Lavandula the Magician (Deep Elf Ice Elementalist)  Turns: 1737, Time: 00:02:57

Health: 19/19      AC:  2    Str:  5    XL:     3   Next: 23%
Magic:  6/11       EV: 13    Int: 20    God:
Gold:   86         SH:  0    Dex: 15    Spells: 8/11 levels left

rFire    . . .     SeeInvis .   r - +0 short sword (venom)
rCold    . . .     Gourm    .   (no shield)
rNeg     + . .     Faith    .   a - +0 robe
rPois    .         Spirit   .   (no helmet)
rElec    .         Reflect  .   (no cloak)
rCorr    .         Harm     .   (no gloves)
MR       .....                  (no boots)
Stlth    ++........             (no amulet)
Regen    0.1/turn               o - ring of positive energy
MPRegen  0.2/turn               (no ring)

@: no status effects
A: no striking features
a: no special abilities


You were on level 3 of the Dungeon.
You were hungry.

You visited 1 branch of the dungeon, and saw 3 of its levels.

You collected 86 gold pieces.

Inventory:

Hand Weapons
 f - a +0 short sword
 r - a +0 short sword of venom (weapon)
Armour
 a - a +0 robe (worn)
Jewellery
 o - a ring of positive energy (left hand)
Wands
 q - a wand of confusion (18/48)
Scrolls
 d - 3 scrolls of remove curse {unknown}
 e - 6 scrolls of identify {unknown}
 h - 2 scrolls of teleportation {unknown}
 i - 2 scrolls of magic mapping {unknown}
 n - a scroll of amnesia {unknown}
Potions
 j - 3 potions of curing {unknown}
 k - a potion of magic {unknown}
 l - 2 potions of mutation {unknown}
 m - a potion of flight {unknown}
Books
 b - a book of Frost

   Spells                             Type                      Level
   a - Freeze                         Ice                          1
   b - Throw Frost                    Conjuration/Ice              2
   c - Ozocubu's Armour               Charms/Ice                   3
   d - Throw Icicle                   Conjuration/Ice              4
   e - Summon Ice Beast               Ice/Summoning                4
Comestibles
 c - 2 bread rations
 g - a royal jelly
 p - 4 fruits


   Skills:
 - Level 2.5 Dodging
 - Level 2.4 Stealth
 + Level 4.9 Spellcasting
 - Level 1.1 Conjurations
 - Level 3.4 Ice Magic


You had 8 spell levels left.
You knew the following spells:

 Your Spells              Type           Power        Failure   Level  Hunger
a - Freeze                Ice            ###.         3%          1    None
b - Throw Frost           Conj/Ice       ##....       7%          2    #......


Dungeon Overview and Level Annotations

Branches:
Dungeon (3/15)

Altars:
Cheibriados
Qazlal

Annotations:
D:3 baghtru's ghost, amateur HOFi


Message History

The kobold shouts!
The kobold throws a stone.
The stone barely misses you.
Casting: Throw Frost
Confirm with . or Enter, or press ? or * to list all spells.
Aiming: Throw Frost
Press: ? - help, Shift-Dir - straight line, f/p - kobold
Aim: a kobold, wielding a short sword of venom (heavily wounded)
The puff of frost hits the kobold.
You kill the kobold!
Things that are here:
a short sword of venom; 3 stones; a kobold corpse
r - a short sword of venom Wield which item (- for none, * to show all)? (? for menu, Esc to quit)
Your +0 short sword of venom begins to drip with poison!
r - a +0 short sword of venom (weapon)
Found a stone staircase leading down.
Level annotation: baghtru's ghost, amateur HOFi Welcome back, Lavandula the Deep Elf Ice Elementalist.
Press ? for a list of commands and other information.
Are you sure you want to abandon this character and quit the game? (Confirm with "yes".)

## #. #>
#.#######
#.@.....#
#.#####.# #. #.#
#. #.# .# #(#
.###..#.## #.#
....†.#..# #.#
####.......#.#.#
...........#.#.#


There were no monsters in sight!

Vanquished Creatures
  A dart slug (D:1)
  2 leopard geckos (D:2)
  4 giant cockroaches
  6 goblins
  6 hobgoblins
  A kobold (D:3)
  3 bats
  8 rats
31 creatures vanquished.

Notes
Turn   | Place    | Note
-------+----------+-------------------------------------------
     0 | D:1      | Lavandula the Deep Elf Ice Elementalist began the quest for the Orb.
     0 | D:1      | Reached XP level 1. HP: 10/10 MP: 6/6
   349 | D:1      | Reached XP level 2. HP: 14/15 MP: 6/8
   388 | D:1      | Learned a level 2 spell: Throw Frost
   590 | D:1      | Reached skill level 4 in Spellcasting
  1083 | D:2      | Found a snail-covered altar of Cheibriados.
  1243 | D:2      | Reached XP level 3. HP: 19/19 MP: 7/11
  1312 | D:2      | Noticed a fire elemental
  1317 | D:2      | Found a stormy altar of Qazlal.
  1322 | D:2      | Noticed a water elemental
  1325 | D:2      | Noticed an air elemental
  1325 | D:2      | Noticed an earth elemental
  1621 | D:3      | Noticed baghtru's ghost (amateur HOFi)
  1737 | D:3      | Quit the game

Skill      XL: |  1  2 |
---------------+-------+-----
Spellcasting   | 4 |  4.9
Dodging        | |  2.5
Stealth        | |  2.4
Conjurations   | |  1.1
Ice Magic      | |  3.4

Action                   || total
-------------------------++-------
Melee: Short sword       ||     2
 Cast: Freeze            ||     8
       Throw Frost       ||    29
 Stab: Sleeping          ||     2
  Eat: Chunk             ||     2
Armor: Robe              ||     3
Dodge: Dodged            ||     3
